 Dungeon Crawl Stone Soup version 0.19-a0-1886-gd64a0f0 (webtiles) character file.

151293 KarmaPolice the Tortoise (level 18, -14/127 HPs)
             Began as a Halfling Hunter on Oct 12, 2016.
             Was a Follower of Uskayaw.
             Demolished by a wolf spider (17 damage)
             ... on level 3 of the Spider Nest on Oct 15, 2016.
             The game lasted 03:40:44 (41734 turns).

KarmaPolice the Tortoise (Halfling Hunter)         Turns: 41734, Time: 03:40:45

Health: -14/127    AC: 24    Str: 12 (15) XL:     18   Next: 18%
Magic:  27/27      EV: 14    Int:  7 (9)  God:    Uskayaw [*.....]
Gold:   798        SH:  8    Dex: 17      Spells: 0 memorised, 17 levels left

rFire  + + .     SeeInvis .     Y - +5 demon blade (elec)
rCold  + . .     Gourm    .     a - +3 chain mail of Tacvulekh {rElec rF++ Regen+ Dex-4}
rNeg   . . .     Faith    .     b - +2 buckler
rPois  +         Spirit   .     e - +2 hat
rElec  +         Dismiss  .     i - +1 cloak {rPois}
rCorr  .         Reflect  .     (no gloves)
MR     ++...     Harm     .     z - +2 pair of boots
Stlth  ..........               (no amulet)
                                F - ring of protection from magic
                                n - ring of protection from cold

@: lethally poisoned (-14 -> -21)
A: mutation resistance 1
a: Stomp, Renounce Religion


You were on level 3 of the Spider Nest.
You worshipped Uskayaw.
Uskayaw was pleased with you.
You were not hungry.

You visited 5 branches of the dungeon, and saw 27 of its levels.

You collected 2745 gold pieces.
You spent 1947 gold pieces at shops.

Inventory:

Hand Weapons
 d - the +6 rapier of Hutwosoa {flame, rElec MR+ Str+3}
   (You found it on level 14 of the Dungeon)

   It has been specially enchanted to burn those struck by it, causing extra
   injury to most foes and up to half again as much damage against particularly
   susceptible opponents.
   It affects your strength (+3).
   It insulates you from electricity.
   It affects your resistance to hostile enchantments.
 G - the +11 rapier of Mucky {antimagic, rN+ Str+2 Stlth-}
   (You found it on level 6 of the Lair of Beasts)

   It reduces the magical energy of the wielder, and disrupts the spells and
   magical abilities of those hit.
   Natural abilities and divine invocations are not affected.
   It affects your strength (+2).
   It protects you from negative energy.
   It makes you less stealthy.
 Y - a +5 demon blade of electrocution (weapon)
Missiles
 c - 3 throwing nets (quivered)
Armour
 a - the +3 chain mail of Tacvulekh (worn) {rElec rF++ Regen+ Dex-4}
   (You found it on level 2 of the Lair of Beasts)

   It affects your dexterity (-4).
   It greatly protects you from fire.
   It insulates you from electricity.
   It increases your rate of regeneration.
 b - a +2 buckler (worn)
 e - a +2 hat (worn)
 i - a +1 cloak of poison resistance (worn)
 z - a +2 pair of boots (worn)
Jewellery
 n - a ring of protection from cold (left hand)
 u - an uncursed ring of resist corrosion
 F - a ring of protection from magic (right hand)
Wands
 h - a wand of teleportation (5/9)
 s - a wand of heal wounds (0/9)
 w - a wand of acid (0/15)
 y - a wand of disintegration (1/24)
 C - a wand of digging (9/24)
 E - a wand of lightning (2/15)
 W - a wand of teleportation (2/9)
Scrolls
 j - 10 scrolls of remove curse
 l - 2 scrolls of summoning
 t - a scroll of fear
 A - 5 scrolls of enchant armour
 H - a scroll of acquirement
 J - a scroll of brand weapon {unknown}
 O - 4 scrolls of fog
 R - 2 scrolls of magic mapping {unknown}
 S - 3 scrolls of blinking
 T - a scroll of teleportation
 U - a scroll of silence {unknown}
 V - 2 scrolls of torment {unknown}
 Z - 2 scrolls of holy word
Potions
 g - 2 potions of flight {unknown}
 m - 2 potions of agility {unknown}
 q - 2 potions of resistance
 v - 3 potions of haste
 D - 2 potions of might
 L - 2 potions of cancellation
 M - a potion of berserk rage {unknown}
 N - 2 potions of ambrosia
 P - a potion of invisibility {unknown}
 Q - 2 potions of cure mutation
Miscellaneous
 o - a sack of spiders
 X - a fan of gales
Comestibles
 f - 17 bread rations
 k - 22 royal jellies
 p - 6 meat rations
 r - 6 beef jerkies
 x - 12 slices of pizza
 B - 2 chunks of flesh
 K - 7 fruits


   Skills:
 + Level 12.7 Fighting
 - Level 12.2(14.5) Short Blades
 + Level 11.5(13.0) Long Blades
   Level 1.1 Axes
   Level 8.0 Slings
 + Level 15.2 Armour
 + Level 11.1 Dodging
 - Level 4.0 Stealth
 - Level 4.1 Shields
 - Level 12.0 Invocations
 - Level 10.0 Evocations


You had 17 spell levels left.
You didn't know any spells.

Dungeon Overview and Level Annotations

Branches:
Dungeon (15/15)            Temple (1/1) D:4            Lair (6/6) D:11
 Shoals (0/4) Lair:3       Spider (3/4) Lair:2        Slime (0/5) Lair:6
    Orc (2/2) D:12            Elf (0/3) Orc:2        Vaults (0/5) D:14
 Depths (0/5) D:15

Altars:
Ashenzari
Cheibriados
Dithmenos
Elyvilon
Fedhas
Gozag
Hepliaklqana
Kikubaaqudgha
Makhleb
Nemelex Xobeh
Okawaru
Qazlal
Ru
Sif Muna
Trog
Uskayaw
Vehumet
Xom
Yredelemnul
Zin
The Shining One

Shops:
D:10 ?   Orc:2 :[*!

Portals:
Pandemonium: Orc:2

Annotations:
D:11 exclusion: ice statue
D:15 exclusion: obsidian statue


Innate Abilities, Weirdness & Mutations

You are small and have problems with some larger weapons.
You are somewhat resistant to further mutation.


Message History

* * * LOW HITPOINT WARNING * * *
The wolf spider barely misses you. x2; The tarantella barely misses you.
The wolf spider hits you but does no damage.
The wolf spider closely misses you.
Okay, then.
Evoke which item? (* to show all) (? for menu, Esc to quit)
Okay, then.
You're too confused!
Okay, then.
You're too confused!
Unknown command.
Your magical effects are unravelling.
You feel magically purged.
You feel less confused.
* * * LOW HITPOINT WARNING * * *
You feel sick. You block the tarantella's attack.
The wolf spider hits you but does no damage.
The wolf spider bites you but does no damage.
The tarantella closely misses you. The wolf spider hits you!
You die...

....... .. ....). .#
....#..## ###...#...##
###### ##.....#....##
####....####......?......
##.......<..#.............
#...........#####.........
#....#....@ssy...........
#.........s#†....$...###
#...............#.....#
##..........#####.....#
#...........[.# #.....#
#...^.####....# .....#
#....## ##...# ....##
##### #...# .... ..!..^


You could see a demonic crawler, a wolf spider (berserk), a moth of wrath and a
tarantella (berserk).

Vanquished Creatures
  Rupert (Lair:6)
  Gastronok (D:9)
  Kirke (Lair:4)
  The ghost of zkyp the Brawler, an adept TrGl of Makhleb (Spider:2)
  A ghost moth (Spider:2)
  An ettin (D:14)
  Erolcha (Orc:1)
  8 hydras
  A catoblepas (Lair:6)
  4 centaur warriors
  9 death yaks
  6 orc high priests (Orc:2)
  A sun demon (Orc:2)
  Urug (Lair:4)
  A fire crab (shapeshifter) (D:14)
  3 infernal demonspawn (Orc:2)
  5 skeletal warriors (D:13)
  A hell knight (D:15)
  5 unseen horrors
  12 hill giants
  Pikel (D:6)
  A harpy (shapeshifter) (D:14)
  7 orc knights
  A lindwurm (Lair:6)
  9 orc sorcerers
  6 orb spiders
  14 wolf spiders
  8 manticores
  2 moths of wrath (Spider:2)
  2 deep elf magi (D:15)
  4 cyclopes
  Joseph (D:7)
  A centaur zombie (D:15)
  19 elephants
  7 centaur skeletons
  6 black mambas
  16 spiny frogs
  3 torpor snails
  5 komodo dragons
  A freezing wraith (D:14)
  6 demonic crawlers
  A merfolk (Lair:3)
  2 ice devils (Lair:4)
  A queen bee (Lair:1)
  7 trolls
  A tengu conjurer (D:14)
  7 jumping spiders
  2 tyrant leeches (Lair:6)
  A hornet (Spider:2)
  10 polar bears
  2 dream sheep (Lair:6)
  35 blink frogs
  15 hippogriffs
  7 slime creatures
  3 raiju (Lair:6)
  33 redbacks
  2 water elementals (D:13)
  A wraith (D:11)
  A vampire (D:10)
  A ynoxinul (Orc:2)
  7 spriggans (D:10)
  12 tarantellas
  83 yaks
  6 wyverns
  17 humans
  A chaos spawn (Orc:2)
  A steam dragon (D:9)
  8 hogs
  10 vampire mosquitoes
  Edmund (D:3)
  4 hungry ghosts
  8 wargs
  A swamp worm (Lair:6)
  11 water moccasins
  7 hell hounds (Lair:6)
  9 porcupines
  A hornet zombie (D:8)
  9 ice beasts
  35 orc warriors
  11 phantoms
  5 sky beasts
  17 black bears
  2 necrophages
  An eye of draining (D:11)
  15 wolves
  13 ogres
  The ghost of Raykoid666 the Charmwright, an amateur DsSk (D:4)
  9 centaurs
  19 crocodiles
  2 big kobolds
  Blork the orc (D:6)
  23 bullfrogs
  4 scorpions
  A water moccasin skeleton (D:7)
  34 killer bees
  A troll zombie (D:12)
  6 howler monkeys
  18 wights
  8 crimson imps
  A bullfrog zombie (D:12)
  A quasit (D:13)
  4 jellies
  34 orc priests
  19 hounds
  4 bullfrog skeletons
  Crazy Yiuf (D:5)
  6 iguanas
  20 orc wizards
  8 worker ants
  5 ogre zombies (D:12)
  4 hound skeletons
  3 worker ant zombies
  12 adders
  8 gnolls
  3 shadow imps (D:15)
  An ooze (D:5)
  2 adder zombies
  2 adder skeletons
  2 worms (D:3)
  2 dart slugs
  5 leopard geckos
  91 orcs
  3 ball pythons
  8 bats
  A bat skeleton (D:2)
  2 bat zombies (D:2)
  4 giant cockroaches
  4 goblins
  3 hobgoblins
  13 jackals
  14 kobolds
  5 quokkas
  2 frilled lizards
  A giant cockroach zombie (D:2)
  A goblin skeleton (D:12)
  2 goblin zombies (D:12)
  A hobgoblin zombie (D:12)
  2 leopard gecko zombies
  2 orc skeletons (D:12)
  13 orc zombies (D:12)
  A quokka zombie (D:9)
  3 rats
  A butterfly (Lair:4)
  5 fungi
  2 plants (Lair:6)
1069 creatures vanquished.

Vanquished Creatures (others)
  3 slaves (D:7)
  A crimson imp (D:9)
  A centaur skeleton (D:7)
  A quokka (D:15)
  2 bushes
  21 fungi
  17 plants
46 creatures vanquished.

Grand Total: 1115 creatures vanquished

Notes
Turn   | Place    | Note
-------+----------+-------------------------------------------
     0 | D:1      | KarmaPolice the Halfling Hunter began the quest for the Orb.
     0 | D:1      | Reached XP level 1. HP: 14/14 MP: 1/1
   272 | D:1      | Reached XP level 2. HP: 19/19 MP: 2/2
  1197 | D:2      | Reached skill level 1 in Short Blades
  1197 | D:2      | Reached XP level 3. HP: 24/24 MP: 3/3
  1440 | D:2      | Reached XP level 4. HP: 25/30 MP: 4/4
  2451 | D:3      | Upgraded the game from 0.19-a0-1855-gb7442ac to 0.19-a0-1861-g35def1e
  2584 | D:3      | Reached XP level 5. HP: 26/36 MP: 5/5
  3038 | D:4      | Noticed Raykoid666's ghost (amateur DsSk)
  3180 | D:4      | Found a staircase to the Ecumenical Temple.
  3184 | Temple   | Entered the Ecumenical Temple
  3297 | Temple   | Became a worshipper of Uskayaw the Reveler
  3374 | D:4      | Reached * piety under Uskayaw
  3392 | D:4      | Found a shattered altar of Ashenzari.
  3456 | D:4      | Reached skill level 1 in Invocations
  3456 | D:4      | Reached XP level 6. HP: 42/42 MP: 6/6
  3504 | D:4      | Reached ** piety under Uskayaw
  3512 | D:4      | Killed Raykoid666's ghost
  3676 | D:4      | Noticed an ogre
  3684 | D:4      | Reached *** piety under Uskayaw
  3701 | D:4      | Killed an ogre
  3701 | D:4      | Reached XP level 7. HP: 22/46 MP: 8/8
  4068 | D:5      | Entered Level 5 of the Dungeon
  4339 | D:5      | Reached XP level 8. HP: 54/54 MP: 10/10
  5137 | D:5      | Reached skill level 1 in Armour
  5139 | D:5      | Reached skill level 5 in Short Blades
  5237 | D:5      | Noticed Edmund
  5621 | D:3      | Killed Edmund
  5621 | D:3      | Reached skill level 2 in Armour
  5757 | D:4      | Reached skill level 5 in Fighting
  5757 | D:4      | Reached skill level 5 in Invocations
  5919 | D:5      | Reached XP level 9. HP: 56/61 MP: 12/12
  6101 | D:5      | Found a runed door.
  6257 | D:5      | Noticed Crazy Yiuf
  6269 | D:5      | Killed Crazy Yiuf
  6269 | D:5      | Reached skill level 3 in Armour
  6830 | D:6      | Reached **** piety under Uskayaw
  6844 | D:6      | Reached ***** piety under Uskayaw
  6846 | D:6      | Reached skill level 4 in Armour
  7154 | D:6      | Noticed Blork the orc
  7181 | D:6      | Killed Blork the orc
  8067 | D:7      | Noticed Pikel
  8075 | D:7      | Noticed Joseph
  8099 | D:6      | Killed Pikel
  8099 | D:6      | Reached XP level 10. HP: 52/68 MP: 14/14
  8305 | D:7      | Killed Joseph
  8305 | D:7      | Reached skill level 5 in Dodging
  8846 | D:7      | Found Kyimijiz's Serpentskin Sales.
 10057 | D:7      | Reached skill level 5 in Armour
 10129 | D:8      | Found a sacrificial altar of Ru.
 10864 | D:8      | Reached XP level 11. HP: 75/75 MP: 17/17
 11196 | D:8      | Reached skill level 6 in Armour
 12098 | D:9      | Noticed Gastronok
 12984 | D:9      | Reached skill level 7 in Armour
 13019 | D:9      | Reached skill level 1 in Evocations
 13241 | D:10     | Entered Level 10 of the Dungeon
 13244 | D:10     | Found Geruuvoth's Magic Scroll Boutique.
 13322 | D:10     | Identified the Catalogue of the Vitriolic Blaze
 13450 | D:10     | Noticed a hill giant
 14427 | D:10     | Bought a scroll of identify for 34 gold pieces
 14427 | D:10     | Bought a scroll of enchant weapon for 127 gold pieces
 14427 | D:10     | Bought a scroll of fog for 34 gold pieces
 14427 | D:10     | Bought a scroll of noise for 17 gold pieces
 14429 | D:10     | Bought a scroll of vulnerability for 127 gold pieces
 14683 | D:10     | Reached skill level 10 in Short Blades
 14799 | D:11     | Noticed a manticore
 14884 | D:11     | Found a staircase to the Lair.
 14902 | D:11     | Killed a manticore
 15501 | D:11     | Noticed a cyclops
 15526 | D:11     | Noticed a hill giant
 15581 | D:10     | Killed an unseen horror
 16164 | D:10     | Reached XP level 12. HP: 81/82 MP: 19/19
 16281 | D:10     | Reached skill level 8 in Armour
 17395 | D:12     | Noticed an eight-headed hydra
 17413 | D:11     | Reached skill level 10 in Invocations
 17965 | D:12     | Found a staircase to the Orcish Mines.
 18262 | D:12     | Got a steaming broad axe
 18275 | D:12     | Identified the +7 broad axe "Noufuidu" {chop, +Blink rN+ Str+4 Dex-2} (You found it on level 12 of the Dungeon)
 18402 | D:12     | Reached skill level 1 in Axes
 18459 | D:12     | Noticed a seven-headed hydra
 18551 | D:12     | Reached skill level 9 in Armour
 18560 | D:12     | Reached skill level 1 in Long Blades
 18763 | D:12     | Killed an unseen horror
 18763 | D:12     | Reached skill level 5 in Evocations
 19005 | Lair:1   | Entered Level 1 of the Lair of Beasts
 19023 | D:11     | Noticed a six-headed hydra
 19209 | D:12     | Killed an eight-headed hydra
 19364 | D:12     | Reached XP level 13. HP: 60/89 MP: 20/20
 19765 | D:10     | Bought a scroll of enchant armour for 127 gold pieces
 19945 | D:10     | Reached skill level 1 in Shields
 20299 | D:11     | Reached skill level 10 in Armour
 20359 | D:11     | Killed a six-headed hydra
 20551 | Lair:1   | Noticed a six-headed hydra
 20581 | Lair:1   | Killed a nine-headed hydra
 20664 | Lair:1   | Reached ****** piety under Uskayaw
 20887 | Lair:1   | Reached skill level 5 in Long Blades
 21677 | Lair:2   | Found a hole to the Spider Nest.
 21943 | Lair:2   | Found a shimmering altar of Xom.
 22340 | Lair:2   | Got a bloodstained chain mail
 22368 | Lair:2   | Identified the +3 chain mail of Tacvulekh {rElec rF++ Regen+ Dex-4} (You found it on level 2 of the Lair of Beasts)
 23054 | Lair:3   | Reached XP level 14. HP: 64/97 MP: 21/21
 23368 | Lair:3   | Found a staircase to the Shoals.
 23492 | Lair:3   | Reached skill level 11 in Armour
 24239 | Lair:4   | Noticed Urug
 24249 | Lair:4   | Noticed Kirke
 25000 | Lair:4   | Killed Urug
 25527 | Lair:4   | Killed Kirke
 25527 | Lair:4   | Reached skill level 10 in Fighting
 26786 | Lair:5   | Reached skill level 12 in Armour
 27023 | Lair:5   | Found a shimmering altar of Xom.
 27086 | Lair:5   | Reached XP level 15. HP: 103/103 MP: 22/22
 27924 | Lair:6   | Entered Level 6 of the Lair of Beasts
 28257 | Lair:6   | Found a staircase to the Slime Pits.
 28359 | Lair:6   | Noticed Rupert
 28374 | Lair:6   | Paralysed by Rupert for 3 turns
 29459 | Lair:6   | Got a fine chain mail
 29470 | Lair:6   | Identified the +10 chain mail "Meiwk" {*Corrode rC+ MR+} (You found it on level 6 of the Lair of Beasts)
 29836 | Lair:6   | Reached skill level 13 in Armour
 30613 | Lair:6   | Reached XP level 16. HP: 108/112 MP: 24/24
 31168 | Lair:6   | Got a scorched rapier
 31170 | Lair:6   | Identified the +11 rapier of Mucky {antimagic, rN+ Str+2 Stlth-} (You found it on level 6 of the Lair of Beasts)
 31288 | Lair:6   | Killed Rupert
 31288 | Lair:6   | Reached skill level 10 in Long Blades
 32064 | D:9      | Killed Gastronok
 32163 | Orc:1    | Entered Level 1 of the Orcish Mines
 32181 | Orc:1    | Noticed Erolcha
 32190 | Orc:1    | Killed Erolcha
 32390 | Orc:2    | Entered Level 2 of the Orcish Mines
 33423 | Orc:2    | Found a staircase to the Elven Halls.
 33789 | Orc:2    | Found Hicifuts's General Store.
 33814 | Orc:2    | Found Antess's Distillery.
 35160 | Orc:2    | Found Zucul's Book Boutique.
 35160 | Orc:2    | Found Kesaass's Antique Armour Shop.
 35173 | Orc:2    | Found a one-way gate leading to the halls of Pandemonium.
 35202 | Orc:2    | Bought a runed cloak for 346 gold pieces
 35252 | Orc:2    | Bought a +1 cloak for 161 gold pieces
 35278 | Orc:2    | Bought a potion of ambrosia for 104 gold pieces
 35278 | Orc:2    | Bought a potion of curing for 39 gold pieces
 35278 | Orc:2    | Bought a potion of resistance for 130 gold pieces
 35278 | Orc:2    | Bought a potion of might for 52 gold pieces
 35278 | Orc:2    | Bought a potion of cancellation for 104 gold pieces
 35278 | Orc:2    | Bought a potion of heal wounds for 65 gold pieces
 35278 | Orc:2    | Bought a potion of haste for 130 gold pieces
 35282 | Orc:2    | Bought a potion of cure mutation for 350 gold pieces
 35717 | D:13     | Reached skill level 14 in Armour
 35752 | D:13     | Reached XP level 17. HP: 70/119 MP: 26/26
 36708 | D:14     | Got a shimmering rapier
 36709 | D:14     | Identified the +6 rapier of Hutwosoa {flame, rElec MR+ Str+3} (You found it on level 14 of the Dungeon)
 36811 | D:14     | Found a gate to the Vaults.
 36876 | D:14     | Reached skill level 10 in Evocations
 37336 | D:15     | Entered Level 15 of the Dungeon
 37353 | D:15     | Reached skill level 10 in Dodging
 37413 | D:15     | Found a white marble altar of Elyvilon.
 37807 | D:15     | Found a staircase to the Depths.
 37840 | D:15     | Upgraded the game from 0.19-a0-1861-g35def1e to 0.19-a0-1886-gd64a0f0
 38153 | D:15     | Got an ancient scimitar {antimagic}
 38154 | D:15     | Identified the +9 scimitar "Lusu" {antimagic, rElec rF+ Str+3} (You took it off a deep elf mage on level 15 of the Dungeon)
 39111 | Spider:1 | Entered Level 1 of the Spider Nest
 39309 | Spider:1 | Identified a scroll of acquirement
 39977 | Spider:1 | HP: 6/121 [wolf spider (11)]
 40343 | Spider:2 | Reached skill level 15 in Armour
 40471 | Spider:2 | Noticed zkyp's ghost (adept TrGl)
 40484 | Spider:2 | Killed zkyp's ghost
 40484 | Spider:2 | Reached XP level 18. HP: 115/127 MP: 27/27
 41733 | Spider:3 | HP: 4/127 [tarantella (5)]
 41734 | Spider:3 | Demolished by a wolf spider

Vault maps used:
D:1:      evilmike_arrival_crescent
D:2:      serial_undead, serial_undead_f, serial_undead_e, serial_undead_c,
          serial_undead_e
D:3:      first_bread, kennysheep_minor_cross
D:4:      minmay_misc_feat_pillars, minmay_misc_feat_plants,
          cheibrodos_ashenzari_chains
D:5:      uniq_edmund, uniq_crazy_yiuf_cottage
D:6:      uniq_blork_the_orc
D:7:      grunt_livestock, guppyfry_shop_venom, uniq_joseph, uniq_pikel
D:8:      nicolae_ru_awakened_eye
D:9:      kennysheep_blocky_room, uniq_gastronok
D:10:     kb_forest_paths, serial_shops, kennysheep_mini_moat
D:11:     lair_0_dummy, minmay_statue_bubble
D:12:     zombieorc1_lemuel
D:13:     minivault_14
D:14:     david_vaults_3, bh_walls_and_bars, corexii_corridor_pit
D:15:     hangedman_depths_entry_civil_slaughter, elyvilon_altar_4,
          grunt_ministairs_9, hangedman_decor_clover_reticule,
          grunt_decor_one_mirror, nrook_mini_vaults, minmay_protected_statue
Temple:   dpeg_three_leaves_temple
Lair:1:   grunt_megastairs_3, serial_bayou_shore_b
Lair:2:   spider_nest_entry_rubble, basic_altar
Lair:3:   minmay_shoals_entry_beasts
Lair:4:   portal_ice_cave_demonic_guard, serial_bayou_pond_d,
          lemuel_fruit_fields, uniq_kirke, uniq_urug
Lair:5:   basic_altar
Lair:6:   hangedman_lair_caniforms_friends, hangedman_lair_in_review,
          minmay_slime_entry_pillars, serial_bayou_shore_b, uniq_rupert
Orc:1:    uniq_erolcha
Orc:2:    pf_orc_diabolical

Skill      XL: |  1  2  3  4  5  6  7  8  9 10 11 12 13 14 15 16 17 18 |
---------------+-------------------------------------------------------+-----
Fighting       | 2 3 4 5 6 7 8 9 10 11 12 | 12.7
Slings         | 6 7 8 |  8.0
Short Blades   | 1 2 3 4 5 7 8 10 12 | 12.2
Dodging        | 3 4 6 7 8 10 11 | 11.1
Invocations    | 1 2 3 5 6 8 9 10 12 | 12.0
Armour         | 2 4 5 7 9 10 12 13 14 15 | 15.2
Stealth        | 2 4 |  4.0
Evocations     | 2 5 6 7 8 9 10 | 10.0
Axes           | 1 |  1.1
Long Blades    | 2 5 8 9 10 11 | 11.5
Shields        | 2 4 |  4.1

Action                   |  1- 3 |  4- 6 |  7- 9 | 10-12 | 13-15 | 16-18 || total
-------------------------+-------+-------+-------+-------+-------+-------++-------
Melee: Short sword       |    85 |       |       |       |       |       ||    85
       Dagger            |    21 |    78 |   198 |  1323 |    15 |       ||  1635
       Demon blade       |       |       |       |    55 |  1325 |  1292 ||  2672
       Broad axe         |       |       |       |    17 |       |       ||    17
       Unarmed           |       |       |       |       |     9 |       ||     9
       Rapier            |       |       |       |       |       |    67 ||    67
       Scimitar          |       |       |       |       |       |    34 ||    34
 Fire: Hunting sling     |     8 |    78 |   174 |   125 |     5 |       ||   390
Throw: Stone             |       |       |       |     2 |       |       ||     2
       Throwing net      |       |       |       |     1 |       |       ||     1
Invok: Stomp             |       |       |     4 |     4 |    16 |     2 ||    26
       Line Pass         |       |       |       |       |    22 |    11 ||    33
       Grand Finale      |       |       |       |       |     1 |       ||     1
Evoke: Wand              |       |       |     2 |    13 |    19 |     5 ||    39
  Use: Potion            |       |       |     1 |     6 |     4 |     7 ||    18
       Scroll            |       |       |     4 |    20 |    11 |     6 ||    41
 Stab: Sleeping          |     2 |     2 |     1 |    15 |     2 |       ||    22
       Paralysed         |       |       |     1 |    10 |    85 |    95 ||   191
       Distracted        |       |       |       |     6 |       |       ||     6
       Confused          |       |       |       |       |     9 |     5 ||    14
  Eat: Chunk             |       |     9 |    13 |    39 |    46 |    35 ||   142
       Fruit             |       |       |       |     2 |     3 |     6 ||    11
Armor: Leather armour    |    24 |     8 |    25 |    54 |       |       ||   111
       Troll leather arm |       |       |       |   126 |    56 |       ||   182
       Chain mail        |       |       |       |       |   445 |   553 ||   998
Dodge: Dodged            |    80 |    77 |   180 |   876 |   817 |   655 ||  2685
Block: Buckler           |       |       |       |       |   266 |   417 ||   683
       Rpst.: Demon blade |       |       |       |    17 |   229 |   138 ||   384
       Scimitar          |       |       |       |       |       |     9 ||     9
